 Dungeon Crawl Stone Soup version 0.30-a0-1161-g0704695555 (webtiles) character file.

Game seed: 779492950151873998

8 Arzdou the Chiller (level 2, 20/20 HPs)
             Began as a Draconian Ice Elementalist on Apr 27, 2023.
             Quit the game on level 1 of the Dungeon.
             The game lasted 00:00:40 (142 turns).

Arzdou the Chiller (Draconian Ice Elementalist)      Turns: 142, Time: 00:00:41

Health: 20/20      AC:  4    Str: 10    XL:     2   Next: 0%
Magic:  1/5        EV: 12    Int: 15    God:
Gold:   28         SH:  0    Dex: 11    Spells: 4/5 levels left

rFire   . . .        c - +0 dagger
rCold   . . .        (no shield)
rNeg    . . .        (body armour unavailable)
rPois   .            (helmet restricted)
rElec   .            (no cloak)
rCorr   .            (no gloves)
SInv    .            (no boots)
Will    .....        (no amulet)
Stlth   ++           (no ring)
HPRegen 0.23/turn    (no ring)
MPRegen 0.09/turn

%: no passive effects
@: no status effects
A: AC +4, unfitting armour, cold-blooded
a: no special abilities


You were on level 1 of the Dungeon.
You visited 1 branch of the dungeon, and saw 1 of its levels.

You collected 28 gold pieces.

Inventory:

Hand Weapons
 c - a +0 dagger (weapon)
Scrolls
 b - a scroll of blinking {unknown}
Potions
 a - a potion of magic


   Skills:
 + Level 1.8 Dodging
 + Level 1.8 Stealth
 + Level 2.1 Spellcasting
 + Level 4.3 Ice Magic


You had 4 spell levels left.
You knew the following spells:

 Your Spells              Type           Power      Damage    Failure   Level
a - Freeze                Ice            56%        1d7       3%          1

Your spell library contained the following spells:

 Spells                   Type           Power      Damage    Failure   Level
 Frozen Ramparts          Ice            28%        1d5       11%         3
 Ozocubu's Armour         Ice            14%        N/A       11%         3
 Summon Ice Beast         Ice/Summ       8%         N/A       65%         4


Dungeon Overview and Level Annotations

Branches:
Dungeon (1/15)

Altars:


Innate Abilities, Weirdness & Mutations

Your plain brown scales are hard. (AC +4)
You cannot fit into any form of body armour.
You are cold-blooded and may be slowed by cold attacks.


Message History

Aim: a goblin, wielding a +0 club (heavily wounded)
You freeze the goblin.
You kill the goblin!
A bat comes into view.
The bat moves out of view.
HP restored.
Magic restored.
You see here a +0 club.
A bat is nearby!
The bat closely misses you.
You hit the bat but do no damage.
Your tail-slap misses the bat.
The bat misses you.
You freeze the bat.
The bat is severely wounded.
The bat hits you but does no damage.
You freeze the bat.
You kill the bat!
You can't see any susceptible monsters within range! (Use Z to cast anyway.)
A kobold comes into view. It is wielding a +0 club.
The kobold shouts!
You hear a shout!
The kobold hits you with a +0 club.
You freeze the kobold.
You kill the kobold!
Found a stone staircase leading down.
The goblin closely misses you.
You freeze the goblin.
The goblin is severely wounded.
The goblin hits you with a +0 dagger.
You freeze the goblin.
You kill the goblin!
You see here a +0 dagger.
c - a +0 dagger (weapon)
An endoplasm comes into view.
Found a robe.
An endoplasm is nearby!
You freeze the endoplasm.
You kill the endoplasm!
You have reached level 2!
A bat comes into view.
Are you sure you want to abandon this character and quit the game? (Confirm with "yes".)

.#⌠.......#..###.#
.#######..#.?....# .b
<......)....#....###.#
.#######..#.##.......#
.# .....#..+.......###
.# #.....#).#..........
.# #......#..#.........#
.#.......##..#.........#
........#.#.....@.......
......!# .#....#........
#..#.#....[...
.....#.#........
.....>#.##..P..##
......##.. .♣.P## ......
##. ...## ...... ######


You could see a bat (wandering).

Vanquished Creatures
  2 bats (D:1)
  An endoplasm (D:1)
  2 goblins (D:1)
  A kobold (D:1)
6 creatures vanquished.

Vanquished Creatures (others)
  4 plants (D:1)
4 creatures vanquished.

Grand Total: 10 creatures vanquished

Notes
Turn   | Place    | Note
-------+----------+-------------------------------------------
     0 | D:1      | Arzdou the Draconian Ice Elementalist began the quest for
                  | the Orb.
     0 | D:1      | Reached XP level 1. HP: 14/14 MP: 3/3
   126 | D:1      | Reached XP level 2. HP: 16/20 MP: 0/5
   142 | D:1      | Quit the game

Illustrated notes

Levels and vault maps discovered:
D:1:      matt_arrival_grand_opening, layout_basic, serial_forest,
          infiniplex_forest_clump_C, infiniplex_forest_clump_large,
          infiniplex_forest_lined_3, infiniplex_forest_clump_tiny,
          infiniplex_forest_clump_curved, hangedman_decor_points,
          chequers_avenue

Action                     || total
---------------------------++-------
  Melee: Unarmed           ||     8
         Tailslap          ||     1
   Cast: Freeze            ||    10
 Armour: Skin              ||     2
  Dodge: Dodged            ||    11

Table legend: (Time is in decaauts)
 A = Elapsed time spent in this place.
 B = Non-inter-level travel time spent in this place.
 C = Inter-level travel time spent in this place.
 D = Time resting spent in this place.
 E = Time spent auto-exploring this place.
 F = Levels seen in this place.
 G = Mean time per level.
                   A        B        C        D        E       F      G
               +--------+--------+--------+--------+--------+-----+--------+
         Total |    141 |    141 |      0 |      0 |     96 |   1 |  141.0 |
       Dungeon |    141 |    141 |      0 |      0 |     96 |   1 |  141.0 |
               +--------+--------+--------+--------+--------+-----+--------+

Top non-repeatable levels by time:
     D:1: 141 daAuts
